 Dungeon Crawl Stone Soup version 0.24-a0-201-gf205589 (webtiles) character file.

Game seed: 14270643564960080762

8768 Borgoz the Cutter (level 11, -5/64 HPs)
             Began as a Gargoyle Gladiator on Mar 25, 2019.
             Was a Follower of Ashenzari.
             Slain by a manticore (9 damage)
             ... on level 11 of the Dungeon.
             The game lasted 00:21:25 (12095 turns).

Borgoz the Cutter (Gargoyle Gladiator)             Turns: 12095, Time: 00:21:26

Health: -5/64      AC: 20    Str: 18    XL:     11   Next: 36%
Magic:  16/17      EV: 14    Int: 10    God:    Ashenzari [*.....]
Gold:   822        SH:  0    Dex: 13    Spells: 11/18 levels left

rFire    . . .     SeeInvis .   g - +1 short sword (speed)
rCold    . . .     Gourm    .   (no shield)
rNeg     + . .     Faith    .   h - +0 ring mail
rPois    ∞         Spirit   .   c - +0 helmet
rElec    +         Reflect  .   b - +0 cloak
rCorr    .         Harm     .   o - +2 pair of gloves
MR       .....                  (no boots)
Stlth    +++.......             n - amulet of magic regeneration
HPRegen  0.20/turn              (no ring)
MPRegen  0.40/turn              (no ring)

@: confusing touch, barbed spikes, very slightly contaminated
A: negative energy resistance 1, electricity resistance, unbreathing,
petrification resistance, rot immunity, AC +8
a: Curse Item, Scrying, Renounce Religion


You were on level 11 of the Dungeon.
You worshipped Ashenzari.
Ashenzari was aware of your devotion.
You were not hungry.

You visited 2 branches of the dungeon, and saw 12 of its levels.
You also visited: Sewer.

You collected 822 gold pieces.

Inventory:

Hand Weapons
 a - a +1 rapier
 g - a +1 short sword of speed (weapon)
 r - a +3 short sword
 w - a +4 dagger of chaos
Missiles
 j - 6 javelins
 s - 2 tomahawks
 z - a throwing net (quivered)
Armour
 b - a +0 cloak (worn)
 c - a +0 helmet (worn)
 h - a +0 ring mail (worn)
 o - a +2 pair of gloves (worn)
Jewellery
 i - an uncursed ring of fire
 n - an amulet of magic regeneration (around neck)
Wands
 q - a wand of flame (55)
 B - a wand of random effects (23)
 C - a wand of acid (2)
Scrolls
 d - 3 scrolls of teleportation
 e - 3 scrolls of remove curse
 k - 3 scrolls of blinking
 m - 2 scrolls of enchant weapon
 v - 6 scrolls of identify
 x - a scroll of magic mapping
 y - a scroll of enchant armour
Potions
 l - a potion of brilliance
 t - 2 potions of cancellation
 u - a potion of mutation
 A - 2 potions of agility
Comestibles
 f - 30 rations


   Skills:
 + Level 5.7 Fighting
 * Level 7.7 Short Blades
 + Level 4.6 Throwing
 + Level 5.7 Armour
 * Level 7.0 Dodging
 + Level 6.3 Stealth
 + Level 4.3 Spellcasting
 + Level 5.7 Hexes
 + Level 2.5 Evocations


You had 11 spell levels left.
You knew the following spells:

 Your Spells              Type           Power        Failure   Level  Hunger
a - Confusing Touch       Hex            ##....       3%          1    #......
b - Confuse               Hex            ##......     12%         3    ###....
c - Mephitic Cloud        Conj/Pois/Air  #.......     77%         3    ###....

Your spell library contained the following spells:

 Spells                   Type           Power        Failure   Level  Hunger
 Animate Skeleton         Necr           N/A          38%         1    #......
 Apportation              Tloc           #.....       38%         1    #......
 Sandblast                Erth           #.....       38%         1    #......
 Sting                    Conj/Pois      #...         38%         1    #......
 Summon Small Mammal      Summ           #...         38%         1    #......
 Passwall                 Tmut/Erth      #.......     54%         2    ##.....
 Poisonous Vapours        Pois/Air       #.....       54%         2    ##.....
 Gell's Gravitas          Tloc           #.........   77%         3    ###....
 Stone Arrow              Conj/Erth      #.....       77%         3    ###....
 Metabolic Englaciation   Hex/Ice        #.........   98%         5    ######.
 Yara's Violent Unravell  Hex/Tmut       #.........   98%         5    ######.
 Olgreb's Toxic Radiance  Pois           #.......     99%         4    #####..
 Petrify                  Tmut/Erth      #.......     99%         4    #####..
 Lee's Rapid Deconstruct  Erth           #.........   100%        5    ######.
 Venom Bolt               Conj/Pois      #.........   100%        5    ######.


Dungeon Overview and Level Annotations

Branches:
Dungeon (11/15)            Temple (1/1) D:6            Lair (0/6) D:10
    Orc: D:9-12

Altars:
Ashenzari
Cheibriados
Dithmenos
Elyvilon
Fedhas
Gozag
Hepliaklqana
Kikubaaqudgha
Makhleb
Nemelex Xobeh
Okawaru
Qazlal
Ru
Sif Muna
Trog
Uskayaw
Vehumet
Wu Jian
Xom
Yredelemnul
Zin
The Shining One

Portals:
Trove: D:11 (give +4 storm dragon scales)


Innate Abilities, Weirdness & Mutations

You are resistant to torment.
Your stone body is resilient. (AC +8)
You are immune to poison.
You resist negative energy. (rN+)
You are resistant to electric shocks. (rElec)
You can survive without breathing.
You are immune to petrification.
You are immune to rotting.


Message History

The catoblepas is lightly wounded.
The manticore completely misses you. The manticore closely misses you.
The manticore barely misses you.
An orc comes into view. It is wielding a +0 dagger.
The orc shouts!
You hit the catoblepas but do no damage.
The catoblepas is lightly wounded.
You hear a roar!
You hit the manticore but do no damage.
The manticore bites you but does no damage.
The manticore claws you but does no damage. x2
You barely miss the manticore.
The catoblepas falls into the water!
The catoblepas drowns.
You feel your strength returning.
Casting: Confusing Touch (safe; 3% risk of failure)
Confirm with . or Enter, or press ? or * to list all spells.
Your hands begin to glow red.
The manticore bites you!
* * * LOW HITPOINT WARNING * * *
The manticore claws you!
You die...

### ... .?.. ##+
#.....##### ####
#.....#...## #...#
#.....#.$≈≈###≈≈..#
#.....#.≈..≈.≈..≈.#
#.....##≈.......≈#
#......##≈.)≈≈.≈##..
#####.......'..≈@≈.o'...
...........##≈.≈≈H.≈##..
.....(....##≈.......≈#
.....(....#.≈..≈.≈..≈.#
######)>..#.$≈≈###≈≈$.#
.....#()..#...## #...#
.....)†)..##### ####
.....#.........
.....#.........


You could see a manticore and an orc.

Vanquished Creatures
  Fannar (D:10)
  A catoblepas (D:11)
  Nergalle (D:10)
  An unseen horror (D:10)
  Psyche (D:9)
  Maurice (D:8)
  Joseph (D:8)
  A guardian mummy (D:11)
  A hippogriff (D:7)
  2 wyverns (D:8)
  A hungry ghost (D:7)
  Duvessa (D:4)
  A water moccasin (D:7)
  An ice beast (D:5)
  2 orc warriors
  A hornet zombie (D:6)
  5 sky beasts
  An eye of draining (D:8)
  A black bear (D:6)
  A phantom (D:4)
  5 ogres
  A crocodile (Sewer)
  A big kobold (D:11)
  6 bullfrogs
  A wyvern zombie (D:9)
  2 scorpions
  Dowan (D:4)
  3 killer bees (D:7)
  8 wights (D:6)
  6 howler monkeys
  3 crimson imps
  4 bullfrog zombies
  8 hounds
  2 jellies
  A quasit (D:9)
  A centaur skeleton (D:6)
  7 orc priests
  A bullfrog skeleton (D:8)
  2 iguanas
  4 orc wizards
  7 worker ants
  A hound zombie (D:5)
  A hound skeleton (D:6)
  6 gnolls
  2 river rats (D:5)
  11 adders
  4 shadow imps
  3 oozes
  An adder skeleton (D:5)
  6 worms
  4 dart slugs
  5 leopard geckos
  27 orcs
  8 bats
  14 giant cockroaches
  7 goblins
  3 hobgoblins (D:3)
  14 jackals
  8 quokkas
  2 ball pythons
  6 frilled lizards
  14 kobolds
  12 rats
259 creatures vanquished.

Vanquished Creatures (collateral kills)
  An orc (D:11)
1 creature vanquished.

Vanquished Creatures (others)
  A fungus (D:7)
  4 toadstools (D:7)
5 creatures vanquished.

Grand Total: 265 creatures vanquished

Notes
Turn   | Place    | Note
-------+----------+-------------------------------------------
     0 | D:1      | Borgoz the Gargoyle Gladiator began the quest for the Orb.
     0 | D:1      | Reached XP level 1. HP: 12/12 MP: 1/1
   195 | D:1      | Reached XP level 2. HP: 17/17 MP: 2/2
   612 | D:1      | Reached skill level 1 in Stealth
   626 | D:1      | Reached XP level 3. HP: 17/21 MP: 3/3
   886 | D:2      | Reached skill level 1 in Armour
  1118 | D:2      | Reached XP level 4. HP: 25/26 MP: 4/4
  1835 | D:3      | HP: 1/26 [orc priest/divine providence (14)]
  1839 | D:3      | Reached XP level 5. HP: 13/30 MP: 5/5
  2519 | D:4      | Noticed Dowan
  2520 | D:4      | Noticed Duvessa
  2543 | D:4      | Reached XP level 6. HP: 29/35 MP: 6/6
  2554 | D:4      | Killed Dowan
  2589 | D:4      | Noticed a phantom
  2637 | D:4      | Found a shadowy altar of Dithmenos.
  2655 | D:4      | Learned a level 1 spell: Confusing Touch
  3015 | D:4      | Killed Duvessa
  3015 | D:4      | Reached XP level 7. HP: 21/40 MP: 7/7
  3094 | D:4      | Reached skill level 1 in Hexes
  3241 | D:4      | Found an ornate altar of the Wu Jian Council.
  3323 | D:4      | Reached skill level 1 in Spellcasting
  3550 | D:5      | Entered Level 5 of the Dungeon
  3747 | D:5      | Found a shadowy altar of Dithmenos.
  3782 | D:5      | Reached XP level 8. HP: 25/45 MP: 8/10
  3906 | D:5      | Found a glowing drain.
  3976 | Sewer    | Entered a sewer
  3990 | Sewer    | Reached skill level 5 in Short Blades
  5129 | D:6      | Reached skill level 5 in Dodging
  5305 | D:6      | Found a radiant altar of Vehumet.
  5365 | D:6      | Reached XP level 9. HP: 17/51 MP: 12/12
  6166 | D:6      | Found a staircase to the Ecumenical Temple.
  6284 | Temple   | Entered the Ecumenical Temple
  6488 | Temple   | Became a worshipper of Ashenzari the Shackled
  6586 | D:6      | Found a snail-covered altar of Cheibriados.
  6795 | D:6      | Found a bloodstained altar of Trog.
  7481 | D:7      | Found a burning altar of Makhleb.
  7528 | D:7      | Reached skill level 5 in Stealth
  7619 | D:7      | Reached XP level 10. HP: 30/58 MP: 14/14
  8148 | D:8      | Noticed Joseph
  8150 | D:8      | Noticed Maurice
  8182 | D:8      | Killed Maurice
  8196 | D:8      | Killed Joseph
  8303 | D:8      | Reached skill level 1 in Evocations
  9072 | D:8      | Reached skill level 5 in Armour
  9203 | D:8      | Reached skill level 5 in Hexes
  9339 | D:9      | Reached skill level 5 in Fighting
  9558 | D:9      | Noticed Psyche
  9599 | D:9      | Killed Psyche
  9901 | D:9      | Reached * piety under Ashenzari
  9932 | D:9      | Found a hazy altar of Hepliaklqana.
 10342 | D:10     | Entered Level 10 of the Dungeon
 10506 | D:10     | Noticed Fannar
 10534 | D:10     | Killed Fannar
 10626 | D:10     | Learned a level 3 spell: Confuse
 10630 | D:10     | Learned a level 3 spell: Mephitic Cloud
 10638 | D:10     | Found a staircase to the Lair.
 10698 | D:10     | Reached XP level 11. HP: 59/64 MP: 16/16
 10768 | D:10     | HP: 3/96 [something (4)]
 10769 | D:10     | Killed an unseen horror
 11264 | D:10     | Noticed Nergalle
 11275 | D:10     | Killed Nergalle
 11394 | D:11     | Found a portal to a secret trove of treasure.
 11816 | D:11     | Noticed a brown ugly thing
 11877 | D:11     | Noticed a catoblepas
 11878 | D:11     | Noticed a manticore
 12094 | D:11     | Killed a catoblepas
 12095 | D:11     | Slain by a manticore

Levels and vault maps discovered:
D:1:      arrival_zaba_pyramid, layout_basic
D:2:      layout_basic
D:3:      layout_loops_ring
D:4:      layout_basic, marbit_many_paths, lemuel_crystal_altar, moated_statue,
          uniq_duvessa
D:5:      layout_basic, first_ration, portal_sewer_entry_b,
          grunt_dithmenos_smoke
D:6:      layout_gridville, overflow_temple_1_default, slow_altar_2,
          overflow_temple_1_default, minmay_temple_entry_fiery
D:7:      layout_loops_ring, nicolae_overflow_crystal_walls,
          minmay_gold_behind_fungi
D:8:      layout_gridville, grunt_ogre_cave, uniq_maurice, uniq_joseph
D:9:      layout_roguey, kennysheep_mini_moat, uniq_psyche
D:10:     layout_roguey, lair_entry_dummy, uniq_fannar, uniq_nergalle
D:11:     nzn_motion_control, layout_irregular_city, hiddenorc2_lemuel,
          nicolae_trove_entry_path_of_doom
Temple:   regret_index_temple_generic_petals
Sewer:    sewer_the_crocodile

Skill      XL: |  1  2  3  4  5  6  7  8  9 10 11 |
---------------+----------------------------------+-----
Short Blades   | 3 4 5 6 7 |  7.7
Stealth        | 1 2 3 4 5 6 |  6.3
Armour         | 1 2 3 4 5 |  5.7
Dodging        | 3 4 5 6 7 |  7.0
Throwing       | 2 3 4 |  4.6
Hexes          | 1 3 4 5 |  5.7
Spellcasting   | 1 2 3 4 |  4.3
Fighting       | 3 4 5 |  5.7
Evocations     | 2 |  2.5

Action                   |  1- 3 |  4- 6 |  7- 9 | 10-12 || total
-------------------------+-------+-------+-------+-------++-------
Melee: Rapier            |   131 |   265 |       |       ||   396
       Short sword       |       |       |   904 |   570 ||  1474
Throw: Throwing net      |       |     4 |     1 |     1 ||     6
 Cast: Confusing Touch   |       |       |    13 |    22 ||    35
Evoke: Wand              |       |       |       |    11 ||    11
  Use: Potion            |       |     6 |     2 |     2 ||    10
       Scroll            |       |    11 |     1 |     4 ||    16
 Stab: Confused          |       |       |    11 |    20 ||    31
       Held in net/web   |       |       |     2 |     1 ||     3
       Sleeping          |       |       |     4 |     6 ||    10
  Eat: Chunk             |     1 |     6 |    17 |    15 ||    39
Armor: Leather armour    |     7 |       |       |       ||     7
       Chain mail        |   105 |   176 |    79 |       ||   360
       Skin              |       |       |    30 |       ||    30
       Ring mail         |       |       |   231 |   222 ||   453
Dodge: Dodged            |    70 |   117 |   370 |   258 ||   815

Table legend:
 A = Non-vault XP
 B = Vault XP
 C = Vault XP percentage of total XP
 D = Non-vault monster count
 E = Vault monster count
 F = Vault count percentage of total count
                 A         B        C        D         E       F
            +---------+---------+-------+---------+---------+-------
      Total |    7569 |    4958 |  39.6 |     223 |      37 |  14.2
            +---------+---------+-------+---------+---------+-------
        D:1 |      45 |       0 |   0.0 |      23 |       0 |   0.0
        D:2 |      81 |       0 |   0.0 |      29 |       0 |   0.0
        D:3 |     184 |       0 |   0.0 |      21 |       0 |   0.0
        D:4 |     400 |     255 |  38.9 |      24 |       3 |  11.1
        D:5 |     440 |      50 |  10.2 |      19 |       9 |  32.1
        D:6 |    1460 |       5 |   0.3 |      33 |       1 |   2.9
        D:7 |    1683 |       0 |   0.0 |      26 |       0 |   0.0
        D:8 |    1157 |     906 |  43.9 |      14 |       3 |  17.6
        D:9 |     680 |     448 |  39.7 |      13 |       1 |   7.1
       D:10 |    1172 |    1770 |  60.2 |       9 |       2 |  18.2
       D:11 |     267 |    1402 |  84.0 |      12 |      12 |  50.0
      Sewer |       0 |     122 | 100.0 |       0 |       6 | 100.0
            +---------+---------+-------+---------+---------+-------
